cohdb
Replays
Latest Replays
All Replays
Popular Replays
Top Player Replays
Match Explorer
How It Works
Community
CoH3 Stats
Reddit
Sign in to upload your games and track your stats! →
Sign in with Steam
Match 42680257
Unlisted
Match 42680257
Overview
Messages
Build Orders
End
Vickers Machine Gun Team
Construct Section Command Post
Selects Heavy Armor Battlegroup
Dingo Light Scout Car
ML 3-inch Mortar Team
Infantry Section
Selects Rigorous Vehicle Training
Infantry Section
Construct Platoon Command Post
CMP 15cwt Truck
Grenade Package
Selects Forward Repair Assembly
Infantry Section
Unlock Bishop Self-propelled Artillery
Vickers Machine Gun Team
Forward Retreat Point
Selects Light Vehicle Withdraw and Refit
Selects Radio Net
Bishop Self-propelled Artillery
Royal Engineer Section
Infantry Section
Bishop Self-propelled Artillery
Freeze
KoMoDЫ4
Квадрат-Двери
Hauptmann GLIST
26 letters
wila
LittleFatty233
hifuj1335
0
0
Comments
sign in to comment!
No comments posted yet!